 Dungeon Crawl Stone Soup version 0.32-a0-131-g9dbbe29261 (webtiles) character file.

Game seed: 7520023723627350390

276 Dittersdorf the Covered (level 6, 0/39 HPs)
             Began as a Gargoyle Fighter on Feb 8, 2024.
             Was an Initiate of Gozag.
             Slain by a gnoll
             ... wielding a +0 flail
              (2 damage)
             ... on level 3 of the Dungeon.
             The game lasted 00:02:47 (2014 turns).

Dittersdorf the Covered (Gargoyle Fighter)          Turns: 2014, Time: 00:02:48

Health: 0/39       AC: 11    Str: 21    XL:     6   Next: 25%
Magic:  6/6        EV:  9    Int:  9    God:    Gozag
Gold:   94         SH:  4    Dex:  9    Spells: 5/5 levels left

rFire   . . .        a - +0 flail
rCold   + . .        c - +0 buckler
rNeg    + . .        b - +0 scale mail
rPois   ∞            (no helmet)
rElec   +            (no cloak)
rCorr   +            (no gloves)
SInv    .            (no boots)
Will    .....        n - amulet of magic regeneration Stlth
                     j - ring of protection from cold
HPRegen 0.26/turn    f - ring of resist corrosion
MPRegen 0.50/turn

%: no passive effects
@: gold aura
A: sickness immunity, AC +4, negative energy resistance 1, electricity
resistance, torment resistance 1, petrification resistance
a: Renounce Religion, Potion Petition, Call Merchant, Bribe Branch


You were on level 3 of the Dungeon.
You worshipped Gozag.
Gozag was noncommittal.
You visited 1 branch of the dungeon, and saw 3 of its levels.

You collected 133 gold pieces.
You paid 39 gold pieces to Gozag.

Inventory:

Hand Weapons
 a - a +0 flail (weapon)
Armour
 b - a +0 scale mail (worn)
 c - a +0 buckler (worn)
Magical Staves
 i - a staff of earth
Jewellery
 f - a ring of resist corrosion (right hand)
 j - a ring of protection from cold (left hand)
 n - an amulet of magic regeneration (around neck)
Scrolls
 h - a scroll of teleportation
Potions
 d - 2 potions of might
 e - a potion of mutation {unknown}
 g - a potion of brilliance {unknown}
 k - a potion of berserk rage {unknown}
 l - a potion of resistance


   Skills:
 + Level 4.6 Fighting
 + Level 3.5 Maces & Flails
 + Level 4.7 Armour
 + Level 4.7 Shields


You had 5 spell levels left.
You didn't know any spells.
Your spell library contained the following spells:

 Spells                   Type           Power      Damage    Failure   Level
 Apportation              Tloc           0%         N/A       78%         1
 Necrotise                Necr           0%         1d4       78%         1
 Sandblast                Erth           0%         2d4       78%         1
 Sting                    Conj/Alch      0%         1d3       78%         1
 Summon Small Mammal      Summ           0%         N/A       78%         1
 Mercury Vapours          Alch/Air       0%         N/A       89%         2
 Passwall                 Erth           0%         N/A       98%         3
 Stone Arrow              Conj/Erth      0%         3d7       98%         3
 Brom's Barrelling Bould  Conj/Erth      0%         2d3       100%        4
 Olgreb's Toxic Radiance  Alch           0%         N/A       100%        4


Dungeon Overview and Level Annotations

Branches:
Dungeon (3/15)

Altars:
Cheibriados
Gozag


Innate Abilities, Weirdness & Mutations

You are immune to sickness and miasma.
Your stone body is resilient. (AC +4)
You are immune to poison.
You resist negative energy. (rN+)
You are resistant to electric shocks. (rElec)
You are resistant to unholy torment.
You are immune to petrification.


Message History

Found a ruby potion.
e - a ruby potion 3 gnolls come into view.
The gnoll shouts! x3
The gnoll hits you with a +0 halberd!
You barely miss the gnoll. You sock the gnoll!
You kill the gnoll!
The gnoll hits you with a +0 halberd. You block the gnoll's attack.
The gnoll hits you with a +0 flail.
You hit the gnoll but do no damage. The gnoll hits you but does no damage.
The gnoll closely misses you.
You closely miss the gnoll. The gnoll closely misses you.
You block the gnoll's attack.
You closely miss the gnoll. The gnoll hits you but does no damage.
The gnoll barely misses you.
You hit the gnoll.
The gnoll is moderately wounded.
The gnoll hits you with a +0 flail.
The gnoll hits you with a +0 halberd! x2
* * * LOW HITPOINT WARNING * * *
The gnoll hits you with a +0 flail.
* * * LOW HITPOINT WARNING * * *
You hit the gnoll.
The gnoll is severely wounded.
The gnoll closely misses you. x2
You sock the gnoll!
You kill the gnoll!
The gnoll barely misses you.
You barely miss the gnoll.
The gnoll hits you but does no damage. x2
You closely miss the gnoll. The gnoll barely misses you.
You closely miss the gnoll. The gnoll hits you but does no damage.
You sock the gnoll!
The gnoll is severely wounded.
The gnoll barely misses you. The gnoll hits you with a +0 flail.
* * * LOW HITPOINT WARNING * * *
You completely miss the gnoll.
The gnoll is severely wounded.
The gnoll hits you with a +0 flail.
You die...
Your body crumbles into a pile of gold.

.# .#### ##.##.
.....###...#..
#....##....
#....##....
##....##....#####
##....##.....<...#
#.$g.##....#.....#
#.@###.....#.#####
##...#####.#..
###.......###
#######.# #.# #.#
#.# #.########
#.........


You could see a gnoll.

Vanquished Creatures
  Sigmund (D:3)
  6 gnolls
  2 adders
  3 dart slugs
  4 endoplasms
  4 goblins
  3 hobgoblins (D:1)
  4 quokkas
  A ball python (D:3)
  3 bats
  5 frilled lizards
  A kobold (D:1)
  A rat (D:2)
38 creatures vanquished.

Notes
Turn   | Place    | Note
-------+----------+-------------------------------------------
     0 | D:1      | Dittersdorf the Gargoyle Fighter began the quest for the
                  | Orb.
     0 | D:1      | Reached XP level 1. HP: 14/14 MP: 1/1
   213 | D:1      | Reached XP level 2. HP: 19/19 MP: 2/2
   367 | D:1      | Found a faded altar of an unknown god.
   848 | D:2      | Reached XP level 3. HP: 20/24 MP: 3/3
   863 | D:2      | Reached XP level 4. HP: 13/29 MP: 4/4
  1245 | D:2      | Found a snail-covered altar of Cheibriados.
  1671 | D:3      | Found an opulent altar of Gozag.
  1694 | D:3      | Became a worshipper of Gozag Ym Sagoz the Greedy
  1787 | D:3      | Noticed Sigmund
  1809 | D:3      | Killed Sigmund
  1810 | D:3      | Reached XP level 5. HP: 6/34 MP: 5/5
  1810 | D:3      | Reached XP level 6. HP: 7/39 MP: 6/6
  2013 | D:3      | HP: 1/39 [gnoll/+0 flail (3)]
  2014 | D:3      | Slain by a gnoll

Illustrated notes

Levels and vault maps discovered:
D:1:      dpeg_arrival_solitude, layout_loops_corners,
          ebering_ecumenical_altar_mist
D:2:      layout_basic, basic_altar
D:3:      layout_basic, nicolae_gozag_seed_capital, portal_sewer_entry_e,
          nrook_mini_backslash, uniq_sigmund

Skill      XL: |  1  2  3  4 |
---------------+-------------+-----
Shields        | 4 |  4.7
Armour         | 4 |  4.7
Fighting       | 4 |  4.6
Maces & Flails | 3 |  3.5

Action                     |  1- 3 |  4- 6 || total
---------------------------+-------+-------++-------
  Melee: Flail             |    60 |   102 ||   162
    Use: Scroll            |       |     3 ||     3
 Armour: Scale mail        |    35 |    78 ||   113
  Dodge: Dodged            |    25 |    42 ||    67
  Block: Buckler           |    15 |    27 ||    42

Table legend: (Time is in decaauts)
 A = Elapsed time spent in this place.
 B = Non-inter-level travel time spent in this place.
 C = Inter-level travel time spent in this place.
 D = Time resting spent in this place.
 E = Time spent auto-exploring this place.
 F = Levels seen in this place.
 G = Mean time per level.
                   A        B        C        D        E       F      G
               +--------+--------+--------+--------+--------+-----+--------+
         Total |   2061 |   2011 |     50 |     65 |   1339 |   3 |  687.0 |
       Dungeon |   2061 |   2011 |     50 |     65 |   1339 |   3 |  687.0 |
               +--------+--------+--------+--------+--------+-----+--------+

Top non-repeatable levels by time:
     D:2: 850 daAuts
     D:1: 814 daAuts
     D:3: 395 daAuts
